Map: Thunderbird LE

Players

PapaDisney - Winner!

  • Race: Protoss Protoss
  • League: Gold
  • Spawn Location: 11:00

Mesrob

  • Race: Terran Terran
  • League: Platinum
  • Spawn Location: 5:00

VOD

Have the link to the VOD?

Description

Time

  • Played on: July 11, 2019, 4:18 p.m.
  • Length: 13:17
Show
View Real Time Build Order
Export as new Build Order

PapaDisney Protoss - Winner!

Build Orders: 1 Gate Expand, Chargelot Immortal 

Get SALT Encoding   

  12  0:01  Probe  
  13  0:14  Pylon  
  13  0:27  Probe  
  14  0:38  Gateway  
  14  0:39  Probe  
  15  0:42  Assimilator  
  15  0:52  Probe  
  16  1:04  Probe  
  17  1:16  Probe  
  18  1:28  Probe  
  19  1:36  Nexus  
  19  1:49  Cybernetics Core  
  19  1:53  Probe  
  20  1:57  Assimilator  
  20  2:07  Gateway  
  20  2:14  Probe  
  21  2:17  Warp Gate  
  21  2:26  Pylon, Probe  
  22  2:35  Adept  
  22  2:38  Probe  
  23  2:49  Probe  
  26  2:54  Probe  
  27  3:00  Sentry  
  27  3:02  Probe  
  27  3:04  Adept  
  32  3:10  Probe  
  33  3:14  Probe  
  33  3:17  Robotics Facility  
  34  3:23  Probe  
  34  3:27  Probe  
  36  3:30  Forge  
  36  3:35  Probe  
  37  3:43  Probe  
  37  3:47  Probe  
  39  3:52  Pylon  
  39  3:55  Probe  
  39  4:01  Gateway  
  39  4:02  Immortal  
  44  4:23  Probe x2, Protoss Ground Weapons Level 1  
  46  4:26  Zealot x2  
  50  4:35  Probe x2  
  52  4:39  Twilight Council  
  52  4:41  Observer  
  52  4:42  Gateway  
  53  5:15  Probe  
  53  5:18  Assimilator  
  53  5:20  Assimilator  
  54  5:22  Pylon  
  54  5:23  Pylon  
  54  5:26  Gateway  
  54  5:27  Gateway  
  54  5:33  Charge  
  54  5:40  Immortal, Probe  
  54  5:41  Stargate  
  59  5:48  Pylon  
  59  5:52  Probe x2  
  59  5:54  Pylon, Zealot  
  59  5:55  Zealot x2  
  68  6:04  Probe  
  69  6:11  Probe  
  69  6:16  Probe  
  70  6:20  Stalker  
  70  6:21  Stalker x4  
  70  6:23  Probe  
  81  6:28  Protoss Ground Weapons Level 2  
  81  6:38  Photon Cannon  
  81  6:41  Photon Cannon  
  81  6:42  Immortal  
  85  6:47  Probe  
  85  6:49  Dark Shrine  
  85  6:54  Pylon  
  86  6:59  Photon Cannon  
  86  7:01  Photon Cannon  
  86  7:07  Pylon x2  
  86  7:12  Probe  
  86  7:14  Zealot x2  
  86  7:15  Zealot  
  93  7:24  Warp Prism  
  95  7:31  Pylon  
  95  7:32  Fleet Beacon  
  95  7:33  Pylon  
  95  7:35  Blink  
  95  7:39  Zealot x2  
  95  7:40  Zealot  
  101  8:00  Zealot x3  
  101  8:01  Zealot x2  
  101  8:04  Pylon  
  111  8:27  Pylon  
  111  8:29  Stargate  
  111  8:30  Pylon  
  111  8:31  Stargate  
  111  8:32  Pylon  
  111  8:33  Pylon  
  111  8:34  Zealot x3  
  111  8:35  Zealot  
  71  8:57  Zealot x2  
  71  8:58  Zealot x3  
  79  9:04  Observer  
  78  9:26  Immortal  
  82  9:34  Zealot  
  82  9:35  Zealot x4  
  72  10:00  Zealot x3  
  72  10:01  Zealot x2  
  76  10:25  Zealot x5  
  76  10:45  Zealot x3  
  76  10:46  Zealot x2  
  66  11:16  Zealot x5  
  74  11:25  Probe  
  74  11:26  Void Ray x2, Probe  
  84  11:33  Nexus  
  84  11:37  Assimilator  
  84  11:40  Zealot x3  
  84  11:41  Assimilator  
  84  11:45  Pylon  
  90  11:48  Pylon  
  90  11:52  Zealot x2  
  94  12:01  Zealot x2  
  98  12:16  Sentry x2  
  98  12:22  Immortal  
  106  12:50  Zealot  
Show
View Real Time Build Order
Export as new Build Order

Mesrob Terran 

Build Orders: 2 Factory, Reaper Expand 

Get SALT Encoding   

  12  0:01  SCV  
  13  0:13  SCV  
  14  0:17  Supply Depot  
  14  0:26  SCV  
  15  0:39  SCV  
  15  0:40  Barracks  
  16  0:46  Refinery  
  16  0:51  SCV  
  17  1:07  SCV  
  18  1:19  SCV  
  19  1:35  Orbital Command  
  19  1:42  Command Center  
  19  1:48  Reaper  
  20  2:01  SCV  
  21  2:11  Factory  
  21  2:19  SCV  
  22  2:30  Refinery  
  22  2:32  Barracks Reactor  
  22  2:40  SCV  
  23  2:52  Supply Depot  
  23  2:54  SCV  
  24  3:02  Factory  
  24  3:06  Orbital Command, SCV  
  24  3:07  Refinery  
  24  3:11  Engineering Bay  
  25  3:21  Hellion x2  
  29  3:28  SCV  
  30  3:38  SCV  
  30  3:40  SCV  
  32  3:48  Factory  
  32  3:49  Factory Tech Lab  
  32  3:55  SCV  
  33  3:58  SCV  
  34  4:07  Hellion, SCV  
  34  4:08  Hellion  
  39  4:11  Supply Depot  
  39  4:21  Armory  
  39  4:24  Command Center  
  39  4:29  Cyclone  
  39  4:31  Hellion  
  44  4:42  SCV x2  
  46  4:48  Refinery  
  46  4:49  Missile Turret  
  46  4:52  Factory Tech Lab  
  46  5:00  Missile Turret  
  45  5:16  Cyclone x2  
  45  5:17  Hellion  
  53  5:33  Terran Vehicle Weapons Level 1  
  53  5:35  Hellion, SCV  
  56  5:48  Hellbat, Cyclone x2  
  64  5:52  SCV  
  64  5:53  SCV  
  68  5:57  Hellion  
  68  6:04  Planetary Fortress  
  68  6:05  SCV  
  69  6:15  Supply Depot  
  69  6:18  Supply Depot  
  69  6:20  Supply Depot  
  69  6:25  Hellion, Cyclone x2  
  77  6:37  Hellion, SCV x2  
  81  6:47  SCV  
  81  6:49  SCV x2  
  84  6:55  Hellion  
  84  6:57  Cyclone x2  
  84  6:58  Hellion  
  84  6:59  SCV  
  84  7:01  SCV  
  96  7:02  Factory  
  96  7:05  Factory  
  96  7:12  Refinery, SCV  
  96  7:13  SCV  
  96  7:14  SCV  
  99  7:16  Hellion  
  99  7:22  Supply Depot  
  101  7:31  Supply Depot  
  101  7:32  Supply Depot  
  101  7:35  Missile Turret  
  101  7:40  Refinery  
  101  7:43  Hellion, SCV x3  
  106  7:47  Factory Tech Lab  
  106  7:50  Factory Tech Lab  
  106  7:52  Cyclone x2  
  106  7:53  Hellion  
  106  7:55  SCV  
  106  7:57  Supply Depot  
  115  8:02  Terran Vehicle And Ship Armor Level 1  
  115  8:06  SCV x2  
  117  8:18  Cyclone x2, Armory  
  123  8:20  Hellion  
  123  8:22  Supply Depot  
  125  8:27  Supply Depot  
  125  8:31  Cyclone  
  98  8:50  Supply Depot  
  81  8:56  Thor x2  
  73  9:06  Cyclone  
  73  9:07  Hellion x2  
  64  9:34  Cyclone  
  64  9:37  Hellbat x2  
  64  9:38  Cyclone  
  24  10:24  Cyclone x4  
  24  10:26  Hellion x2  
  40  10:42  Command Center  
  28  11:12  Cyclone x2  
  34  11:23  SCV x2  
  36  11:30  Cyclone  
  39  11:35  SCV  
  37  11:49  Cyclone  
  37  11:50  Cyclone  
  43  12:02  SCV  
  43  12:03  Engineering Bay  
  43  12:04  SCV  
  45  12:14  SCV x2  
  47  12:16  SCV  
  47  12:17  Cyclone  
  51  12:25  Hellbat x2  
  51  12:26  SCV  
  56  12:30  Siege Tank  
  59  12:37  SCV  
  60  12:46  Barracks  
  60  12:48  SCV  
  60  12:49  SCV  
Tags
 
Add a new tag
Caveats
  • Supply blocks, unpowered buildings, or Contaminate may cause inaccurate times.
  • Supply counts are checked every 10 seconds.